 Dungeon Crawl Stone Soup version 0.30.0-20-g3615ddf2f0 (webtiles) character file.

Game seed: 12084619589979424074

126616 qw the Peltast (level 16, -16/103 HPs)
             Began as a Gargoyle Fighter on May 28, 2023.
             Was an Elder of Okawaru.
             Demolished by a torpor snail (21 damage)
             ... on level 1 of the Spider Nest.
             The game lasted 00:16:52 (25697 turns).

qw the Peltast (Gargoyle Fighter)                  Turns: 25697, Time: 00:16:52

Health: -16/103    AC: 45    Str: 28 (29) XL:     16   Next: 99%
Magic:  0/23       EV:  8    Int:  4 (7)  God:    Okawaru [****..]
Gold:   1578       SH: 25    Dex: 15      Spells: 15/15 levels left

rFire   . . .        l - +6 war axe (vamp)
rCold   . . .        E - +0 tower shield
rNeg    + + +        C - +11 plate armour of Kikubaaqudgha's Hope {rN+ Regen+ Int-4}
rPois   inf          a - +0 helmet
rElec   +            g - +0 cloak
rCorr   +            i - +1 pair of gloves {Str+3}
SInv    .            z - +0 pair of boots
Will    +....        u - amulet "Voexte" {Reflect rCorr SH+5} Stlth
                     o - ring of positive energy
HPRegen 1.17/turn    w - +6 ring of dexterity
MPRegen 0.18/turn

%: reflection
@: about to teleport, flying, slowed, very slow
A: sickness immunity, AC +12, big wings, negative energy resistance 1,
electricity resistance, torment resistance 1, petrification resistance
a: Renounce Religion, Heroism, Finesse


You were on level 1 of the Spider Nest.
You worshipped Okawaru.
Okawaru was greatly pleased with you.
You visited 4 branches of the dungeon, and saw 23 of its levels.
You also visited: Ossuary and Gauntlet.

You collected 2409 gold pieces.
You spent 831 gold pieces at shops.


Innate Abilities, Weirdness & Mutations

You are immune to sickness and miasma.
Your stone body is resilient. (AC +12)
You are immune to poison.
Your large and strong wings let you fly.
You resist negative energy. (rN+)
You are resistant to electric shocks. (rElec)
You are resistant to unholy torment.
You are immune to petrification.


   Skills:
 + Level 12.5 Fighting
 - Level 16.0 Axes
 - Level 7.0 Throwing
 - Level 12.0 Armour
 - Level 4.0 Dodging
 - Level 17.0 Shields
 - Level 10.0 Invocations


You had 15 spell levels left.
You didn't know any spells.
Your spell library was empty.

Inventory:

Hand Weapons
 c - a +2 heavy broad axe
 l - a +6 vampiric war axe (weapon)
 q - a +2 morningstar of protection
Missiles
 x - 6 boomerangs
 y - 3 javelins
 A - 2 silver javelins (quivered)
Armour
 a - a +0 helmet (worn)
 g - a +0 cloak (worn)
 i - a +1 pair of gloves of strength (worn)
 v - +0 acid dragon scales
 z - a +0 pair of boots (worn)
 C - the +11 plate armour of Kikubaaqudgha's Hope (worn) {rN+ Regen+ Int-4}
   (You found it on level 11 of the Dungeon)

   Int:       It affects your intelligence (-4).
   rN:        It protects you from negative energy.
   Regen:     It increases your rate of health regeneration.
 E - a +0 tower shield (worn)
Jewellery
 o - a ring of positive energy (left hand)
 s - the amulet "Zestre" {Spirit Will++ Regen+}
   (You found it in a Gauntlet)

   [amulet of guardian spirit]

   It causes incoming damage to be divided between your reserves of health and
   magic.
   Regen:     It increases your rate of health regeneration.
   Will:      It greatly increases your willpower.
 u - the amulet "Voexte" (around neck) {Reflect rCorr SH+5}
   (You found it on level 9 of the Dungeon)

   [amulet of reflection]

   It reflects blocked missile attacks.
   rCorr:     It protects you from acid and corrosion.
   SH:        It affects your SH (+5).
 w - a +6 ring of dexterity (right hand)
Wands
 n - a wand of digging (11)
Scrolls
 e - 8 scrolls of teleportation
 j - 10 scrolls of identify
 D - 2 scrolls of brand weapon
Potions
 b - 5 potions of haste
 d - 4 potions of might
 f - 4 potions of attraction
 h - a potion of cancellation
 k - 7 potions of mutation
 m - 10 potions of lignification
 p - 2 potions of resistance
 r - a potion of magic
 t - 11 potions of curing
 B - 3 potions of heal wounds

Dungeon Overview and Level Annotations

Branches:
Dungeon (15/15)            Temple (0/1) D:6            Lair (5/5) D:8
  Swamp (0/4) Lair:3       Spider (1/4) Lair:3        Slime (0/5) Lair:4
    Orc (2/2) D:9             Elf (0/3) Orc:2        Vaults (0/5) D:14
 Depths (0/4) D:15        Ossuary (visited)         Gauntlet (visited)

Altars:
Cheibriados
Gozag
Hepliaklqana
Makhleb
Okawaru
Qazlal
Sif Muna
Trog
Xom
Jiyva

Shops:
D:12 *   Orc:1 ?   Orc:2 [*(:(

Annotations:
D:12 1 runed translucent door, Naggiasi's ghost, journeyman KoBr


Message History

Something stings you but does no damage.
You block the moth of wrath's attack. The entropy weaver closely misses you.
You block the entropy weaver's attack. The entropy weaver hits you!
You block the entropy weaver's attack. The torpor snail closely misses you.
You feel you are being watched by something.
Something hits you but does no damage. Something hits you.
You feel dopey. Something stings you.
You feel dopey.
Autopickup is now on.
You hit the entropy weaver.
The entropy weaver is almost dead.
You slash the torpor snail! You barely miss the moth of wrath.
You hit something.
You feel better. You block the moth of wrath's attack.
You block the entropy weaver's attack.
The entropy weaver closely misses you. x2
You block the entropy weaver's attack. You block the torpor snail's attack.
Something hits you but does no damage.
Deactivating autopickup; reactivate with Ctrl-A.
Something hits you!
Something stings you but does no damage.
The moth of wrath barely misses you.
The entropy weaver hits you but does no damage. x2
The entropy weaver completely misses you.
The entropy weaver barely misses you.
25697 ||| READING 9 scrolls of teleportation.
As you read the scroll of teleportation, it crumbles to dust.
You feel strangely unstable.
You feel you are being watched by something.
You feel your power leaking away. You block something's attack.
Something hits you but does no damage.
Something stings you but does no damage.
The torpor snail bites you. You block the moth of wrath's attack.
The entropy weaver hits you but does no damage.
The entropy weaver hits you!
The entropy weaver hits you but does no damage. x2
You block something's attack. Something hits you!
Something stings you but does no damage.
The torpor snail bites you!!
You die...

.......#.....> .(..
#.................
...##.................
.##....................#
..#.................(.##
.......................#
.....%...............^..
......yw%............... #####
#....{@...^............ ####...#
##...B............#..^#
#......#####......^.......###..#
#.^.....#................#######
##......#..........#.....####....
##......#................##......
.#...^.#####.........#######.....
.........#..#..........#.##......
...#.^/.##....###........#.......


You could see an entropy weaver, a torpor snail (berserk) and a moth of wrath.

Vanquished Creatures
  3 orc warlords
  A broodmother (Spider:1)
  A minotaur (Gauntlet)
  Snorg (Orc:2)
  An ettin (Orc:2)
  An ogre mage (D:15)
  6 hydras
  A jorogumo (Spider:1)
  7 centaur warriors
  9 two-headed ogres
  5 catoblepae
  6 boulder beetles
  A death knight (D:15)
  3 tengu warriors
  12 death yaks (Lair:5)
  6 orc high priests
  2 shadow wraiths
  A skyshark (Lair:4)
  10 skeletal warriors
  A pharaoh ant (Spider:1)
  A storm dragon skeleton (D:15)
  3 orb spiders (Spider:1)
  4 steelbarb worms (Spider:1)
  2 necromancers
  A phantasmal warrior (D:15)
  7 deep elf pyromancers
  2 oklob plants
  3 wolf spiders (Spider:1)
  3 orc knights
  9 orc sorcerers
  7 cyclopes
  A stone giant zombie (D:15)
  A wolf spider (shapeshifter) (D:11)
  12 ugly things
  4 manticores
  A moth of wrath (Spider:1)
  12 black mambas
  Maurice (D:12)
  3 gargoyles
  A demonic crawler (Spider:1)
  12 cane toads
  A spriggan zombie (D:15)
  2 efreet
  2 torpor snails
  Maggie (D:7)
  2 unseen horrors (D:11)
  6 komodo dragons
  2 kobold demonologists (D:13)
  2 rime drakes
  2 polar bears
  8 trolls
  3 meliai (D:14)
  A wolf spider simulacrum (D:15)
  A queen bee (D:14)
  10 tarantellas (Spider:1)
  2 hornets (D:12)
  An ettin zombie (D:15)
  6 dream sheep (Lair:3)
  8 blink frogs
  A dream sheep (shapeshifter) (D:11)
  5 jumping spiders
  A culicivora (Spider:1)
  8 wyverns
  A basilisk (shapeshifter) (D:15)
  4 wraiths
  73 yaks
  10 shadows
  Eustachio (D:4)
  7 basilisks
  4 fire bats (Lair:3)
  2 vampire mosquitoes (D:13)
  14 redbacks
  Menkaure (Ossuary)
  3 wargs (Orc:2)
  5 acid dragons
  25 water moccasins
  A sky beast (D:8)
  31 orc warriors
  2 black bears (D:4)
  Duvessa (D:4)
  A boggart (D:11)
  10 ogres
  11 centaurs
  2 phantoms
  35 wolves
  2 kobold brigands
  9 bullfrogs
  4 scorpions
  7 wights (D:8)
  Dowan (D:4)
  18 killer bees
  An oklob sapling (D:12)
  3 howler monkeys
  13 electric eels
  A lava snake (Lair:3)
  3 hounds
  7 jellies
  20 orc priests
  A gnoll bouda (Orc:1)
  An iguana (D:4)
  14 orc wizards
  3 mummies (Ossuary)
  Robin (D:4)
  10 adders
  11 gnolls
  A shadow imp (D:6)
  14 white imps
  2 worms
  6 dart slugs
  62 orcs
  12 ball pythons
  8 endoplasms
  5 giant cockroaches
  3 gnoll zombies (Ossuary)
  12 goblins
  2 hobgoblins
  10 jackals
  25 kobolds
  A quokka (D:1)
  3 bats (D:1)
  4 frilled lizards
  7 gnoll skeletons (Ossuary)
  2 goblin skeletons (Ossuary)
  2 goblin zombies (Ossuary)
  4 hobgoblin skeletons (Ossuary)
  8 hobgoblin zombies (Ossuary)
  2 kobold skeletons (Ossuary)
  3 kobold zombies (Ossuary)
  8 orc skeletons (Ossuary)
  3 orc zombies (Ossuary)
  8 rats
  2 rat skeletons (Ossuary)
  6 rat zombies (Ossuary)
842 creatures vanquished.

Vanquished Creatures (others)
  An orc warrior (Orc:2)
  An orc priest (Orc:2)
  An orc (Orc:2)
3 creatures vanquished.

Grand Total: 845 creatures vanquished

Notes
Turn   | Place    | Note
-------+----------+-------------------------------------------
     0 | D:1      | qw the Gargoyle Fighter began the quest for the Orb.
     0 | D:1      | Reached XP level 1. HP: 14/14 MP: 1/1
     0 | D:1      | 0 ||| qw: Version: 0.2-a-100-g4e38944
     0 | D:1      | 0 ||| qw: Game counter: 215
     0 | D:1      | 0 ||| qw: Always use a shield: true
     0 | D:1      | 0 ||| qw: God list: Okawaru
     0 | D:1      | 0 ||| qw: Allow faded altars: false
     0 | D:1      | 0 ||| qw: Do Orc after D:15 true
     0 | D:1      | 0 ||| qw: Do second Lair branch before Depths: true
     0 | D:1      | 0 ||| qw: Lair rune preference: random
     0 | D:1      | 0 ||| qw: Plans: Normal, Zot:1-4, God:TSO, Crypt, Tomb,
                  | Pan, Slime:5, Hells, Abyss, Win
     0 | D:1      | 0 ||| PLANNING D:1-11
    95 | D:1      | Reached XP level 2. HP: 16/19 MP: 2/2
   444 | D:1      | Reached skill level 3 in Axes
   571 | D:1      | Reached XP level 3. HP: 23/23 MP: 3/3
   719 | D:1      | 719 ||| Stepping ~*~*~tactically~*~*~ (stealth).
   720 | D:1      | 720 ||| Stepping ~*~*~tactically~*~*~ (stealth).
   791 | D:1      | 791 ||| UPGRADING to +0 pair of gloves.
   796 | D:1      | 796 ||| UPGRADING to +0 chain mail.
   806 | D:1      | 806 ||| DROPPING +0 scale mail.
   807 | D:1      | 807 ||| READING scroll labelled KOWKOSMEBI.
   808 | D:1      | 808 ||| READING 2 scrolls labelled LAMYPT IZ ZYU.
   809 | D:1      | 809 ||| READING 2 scrolls labelled VAXZIVVO NAGUST.
   810 | D:1      | 810 ||| READING scroll labelled WOKLUBA KUCW.
   811 | D:1      | 811 ||| READING scroll labelled OLEORR PUAPT.
   816 | D:1      | 816 ||| DROPPING scroll of vulnerability.
   938 | D:2      | 938 ||| READING scroll of enchant armour.
   938 | D:2      | 938 ||| ENCHANTING +0 pair of gloves.
  1061 | D:2      | Found a faded altar of an unknown god.
  1132 | D:2      | 1132 ||| Stepping ~*~*~tactically~*~*~ (stealth).
  1143 | D:2      | 1143 ||| Stepping ~*~*~tactically~*~*~ (stealth).
  1153 | D:2      | Reached XP level 4. HP: 27/28 MP: 4/4
  1608 | D:2      | 1608 ||| FLEEEEING.
  1609 | D:2      | 1609 ||| FLEEEEING.
  1617 | D:2      | 1617 ||| Stepping ~*~*~tactically~*~*~ (hiding).
  1618 | D:2      | 1618 ||| Stepping ~*~*~tactically~*~*~ (hiding).
  1907 | D:2      | 1907 ||| READING scroll labelled ASELLAE RUMPI.
  2008 | D:2      | 2008 ||| DRINKING 2 fuming green potions.
  2017 | D:2      | 2017 ||| DRINKING 2 glowing purple potions.
  2018 | D:2      | 2018 ||| DRINKING 2 white potions.
  2019 | D:2      | 2019 ||| READING 3 scrolls of identify.
  2019 | D:2      | 2019 ||| IDENTIFYING emerald potion
  2020 | D:2      | 2020 ||| READING 2 scrolls of identify.
  2020 | D:2      | 2020 ||| IDENTIFYING pink potion
  2021 | D:2      | 2021 ||| DROPPING potion of ambrosia.
  2022 | D:2      | 2022 ||| DROPPING potion of magic.
  2023 | D:2      | 2023 ||| DROPPING potion of invisibility.
  2216 | D:3      | 2216 ||| Stepping ~*~*~tactically~*~*~ (hiding).
  2247 | D:3      | 2247 ||| Stepping ~*~*~tactically~*~*~ (hiding).
  2382 | D:3      | Reached skill level 1 in Throwing
  2410 | D:3      | Reached XP level 5. HP: 28/32 MP: 5/5
  2459 | D:3      | 2459 ||| Stepping ~*~*~tactically~*~*~ (stealth).
  2461 | D:3      | 2461 ||| Stepping ~*~*~tactically~*~*~ (hiding).
  2541 | D:3      | 2541 ||| DROPPING +0 whip.
  2626 | D:3      | Noticed an ogre
  2630 | D:3      | 2630 ||| Stepping ~*~*~tactically~*~*~ (stealth).
  2634 | D:3      | Killed an ogre
  2635 | D:3      | Reached XP level 6. HP: 37/37 MP: 6/6
  3018 | D:3      | 3018 ||| READING scroll labelled QOUR FOLURO.
  3019 | D:3      | 3019 ||| READING scroll labelled JEOZUJ ERUGU.
  3020 | D:3      | 3020 ||| DRINKING 2 fizzy blue potions.
  3083 | D:4      | Found a bloodstained altar of Trog.
  3083 | D:4      | Noticed a black bear
  3083 | D:4      | Noticed a black bear
  3093 | D:4      | Killed a black bear
  3103 | D:4      | Killed a black bear
  3104 | D:4      | Reached skill level 6 in Axes
  3104 | D:4      | Reached XP level 7. HP: 25/44 MP: 7/7
  3274 | D:4      | Noticed Duvessa
  3274 | D:4      | Noticed Dowan
  3276 | D:4      | Noticed Eustachio
  3285 | D:4      | Killed Duvessa
  3296 | D:4      | Killed Dowan
  3323 | D:4      | Killed Eustachio
  3399 | D:4      | 3399 ||| Stepping ~*~*~tactically~*~*~ (hiding).
  3418 | D:4      | 3418 ||| Stepping ~*~*~tactically~*~*~ (hiding).
  3433 | D:4      | Noticed Robin
  3434 | D:4      | 3434 ||| Stepping ~*~*~tactically~*~*~ (stealth).
  3435 | D:4      | 3435 ||| Stepping ~*~*~tactically~*~*~ (stealth).
  3437 | D:4      | 3437 ||| Stepping ~*~*~tactically~*~*~ (hiding).
  3446 | D:4      | Killed Robin
  3522 | D:4      | Found a shimmering blue altar of Sif Muna.
  3684 | D:4      | 3684 ||| Stepping ~*~*~tactically~*~*~ (hiding).
  3991 | D:4      | 3991 ||| UPGRADING to +0 helmet.
  3996 | D:4      | 3996 ||| READING scroll labelled JOIMNI UCECOUM.
  3997 | D:4      | 3997 ||| DRINKING 2 metallic orange potions.
  3998 | D:4      | 3998 ||| READING 2 scrolls of identify.
  3998 | D:4      | 3998 ||| IDENTIFYING coppery potion
  4032 | D:5      | Entered Level 5 of the Dungeon
  4035 | D:5      | Reached XP level 8. HP: 49/49 MP: 8/8
  4047 | D:5      | Found an iron altar of Okawaru.
  4048 | D:5      | 4048 ||| PLANNING OKAWARU WORSHIP
  4054 | D:5      | Became a worshipper of Warmaster Okawaru
  4054 | D:5      | 4054 ||| PLANNING D:1-11
  4111 | D:5      | 4111 ||| FLEEEEING.
  4112 | D:5      | 4112 ||| FLEEEEING.
  4113 | D:5      | 4113 ||| FLEEEEING.
  4114 | D:5      | 4114 ||| STAIRDANCE
  4218 | D:4      | 4218 ||| DRINKING 2 silvery potions.
  4227 | D:5      | 4227 ||| Stepping ~*~*~tactically~*~*~ (stealth).
  4254 | D:5      | HP: 8/49 [ogre/+0 giant club (14)]
  4255 | D:5      | 4255 ||| READING 3 scrolls of teleportation.
  4256 | D:5      | 4256 ||| DRINKING 2 potions of heal wounds.
  4259 | D:5      | 4259 ||| DRINKING potion of heal wounds.
  4444 | D:5      | 4444 ||| Stepping ~*~*~tactically~*~*~ (stealth).
  4450 | D:5      | 4450 ||| Stepping ~*~*~tactically~*~*~ (stealth).
  4451 | D:5      | 4451 ||| Stepping ~*~*~tactically~*~*~ (stealth).
  4721 | D:5      | 4721 ||| Stepping ~*~*~tactically~*~*~ (stealth).
  4728 | D:5      | 4728 ||| UPGRADING to +0 plate armour.
  4784 | D:5      | 4784 ||| UPGRADING to +0 plate armour.
  4794 | D:5      | 4794 ||| DROPPING +0 chain mail.
  4968 | D:5      | 4968 ||| Stepping ~*~*~tactically~*~*~ (stealth).
  4971 | D:5      | Reached * piety under Okawaru
  4973 | D:5      | 4973 ||| Stepping ~*~*~tactically~*~*~ (stealth).
  5031 | D:5      | 5031 ||| Stepping ~*~*~tactically~*~*~ (stealth).
  5062 | D:5      | 5062 ||| READING scroll labelled ZEMPUU HABILUO.
  5063 | D:5      | 5063 ||| DRINKING 2 purple potions.
  5064 | D:5      | 5064 ||| DROPPING potion of degeneration.
  5117 | D:6      | 5117 ||| INVOKING Heroism.
  5123 | D:6      | 5123 ||| STAIRDANCE
  5475 | D:6      | 5475 ||| FLEEEEING.
  5476 | D:6      | 5476 ||| FLEEEEING.
  5780 | D:6      | 5780 ||| Stepping ~*~*~tactically~*~*~ (hiding).
  5966 | D:6      | Reached XP level 9. HP: 55/55 MP: 9/9
  6068 | D:6      | Found a staircase to the Ecumenical Temple.
  6073 | D:6      | Reached skill level 1 in Invocations
  6173 | D:6      | 6173 ||| INVOKING Heroism.
  6177 | D:6      | Reached skill level 6 in Fighting
  6178 | D:6      | 6178 ||| Stepping ~*~*~tactically~*~*~ (hiding).
  6179 | D:6      | 6179 ||| Stepping ~*~*~tactically~*~*~ (hiding).
  6416 | D:6      | 6416 ||| READING 3 scrolls of identify.
  6416 | D:6      | 6416 ||| IDENTIFYING sedimented inky potion
  6417 | D:6      | 6417 ||| READING 2 scrolls of identify.
  6417 | D:6      | 6417 ||| IDENTIFYING brown potion
  6418 | D:6      | 6418 ||| DROPPING potion of brilliance.
  6436 | D:7      | 6436 ||| PLANNING OSSUARY
  6492 | D:7      | 6492 ||| Stepping ~*~*~tactically~*~*~ (stealth).
  6562 | D:7      | Found a sand-covered staircase.
  6563 | D:7      | 6563 ||| UPGRADING to ring of positive energy.
  6575 | D:8      | Reached skill level 3 in Invocations
  6651 | Ossuary  | Entered an ossuary
  6683 | Ossuary  | 6683 ||| FLEEEEING.
  6684 | Ossuary  | 6684 ||| FLEEEEING.
  6685 | Ossuary  | 6685 ||| FLEEEEING.
  6686 | Ossuary  | 6686 ||| FLEEEEING.
  6687 | Ossuary  | 6687 ||| FLEEEEING.
  6688 | Ossuary  | 6688 ||| FLEEEEING.
  6829 | Ossuary  | 6829 ||| FLEEEEING.
  6830 | Ossuary  | 6830 ||| FLEEEEING.
  6831 | Ossuary  | 6831 ||| FLEEEEING.
  6832 | Ossuary  | 6832 ||| FLEEEEING.
  6833 | Ossuary  | 6833 ||| FLEEEEING.
  6834 | Ossuary  | 6834 ||| FLEEEEING.
  6835 | Ossuary  | 6835 ||| FLEEEEING.
  6836 | Ossuary  | 6836 ||| FLEEEEING.
  6837 | Ossuary  | 6837 ||| FLEEEEING.
  6838 | Ossuary  | 6838 ||| FLEEEEING.
  6844 | Ossuary  | 6844 ||| FLEEEEING.
  6845 | Ossuary  | 6845 ||| FLEEEEING.
  6846 | Ossuary  | 6846 ||| FLEEEEING.
  6847 | Ossuary  | 6847 ||| FLEEEEING.
  6848 | Ossuary  | 6848 ||| FLEEEEING.
  6849 | Ossuary  | 6849 ||| FLEEEEING.
  6850 | Ossuary  | 6850 ||| FLEEEEING.
  6936 | Ossuary  | 6936 ||| FLEEEEING.
  6940 | Ossuary  | 6940 ||| FLEEEEING.
  6941 | Ossuary  | 6941 ||| FLEEEEING.
  6942 | Ossuary  | 6942 ||| FLEEEEING.
  6943 | Ossuary  | 6943 ||| FLEEEEING.
  6944 | Ossuary  | 6944 ||| FLEEEEING.
  6945 | Ossuary  | 6945 ||| FLEEEEING.
  6946 | Ossuary  | 6946 ||| FLEEEEING.
  6947 | Ossuary  | 6947 ||| FLEEEEING.
  6948 | Ossuary  | 6948 ||| FLEEEEING.
  6949 | Ossuary  | 6949 ||| FLEEEEING.
  6950 | Ossuary  | 6950 ||| FLEEEEING.
  6951 | Ossuary  | 6951 ||| FLEEEEING.
  6952 | Ossuary  | 6952 ||| FLEEEEING.
  6953 | Ossuary  | 6953 ||| FLEEEEING.
  6954 | Ossuary  | 6954 ||| FLEEEEING.
  6955 | Ossuary  | 6955 ||| FLEEEEING.
  6956 | Ossuary  | 6956 ||| FLEEEEING.
  6957 | Ossuary  | 6957 ||| FLEEEEING.
  6958 | Ossuary  | 6958 ||| FLEEEEING.
  7044 | Ossuary  | 7044 ||| FLEEEEING.
  7045 | Ossuary  | 7045 ||| FLEEEEING.
  7046 | Ossuary  | 7046 ||| FLEEEEING.
  7060 | Ossuary  | 7060 ||| FLEEEEING.
  7061 | Ossuary  | 7061 ||| FLEEEEING.
  7062 | Ossuary  | 7062 ||| FLEEEEING.
  7063 | Ossuary  | 7063 ||| FLEEEEING.
  7064 | Ossuary  | 7064 ||| FLEEEEING.
  7065 | Ossuary  | 7065 ||| FLEEEEING.
  7066 | Ossuary  | 7066 ||| FLEEEEING.
  7067 | Ossuary  | 7067 ||| FLEEEEING.
  7068 | Ossuary  | 7068 ||| FLEEEEING.
  7208 | Ossuary  | Noticed Menkaure
  7209 | Ossuary  | 7209 ||| Stepping ~*~*~tactically~*~*~ (hiding).
  7215 | Ossuary  | 7215 ||| INVOKING Heroism.
  7221 | Ossuary  | Killed Menkaure
  7246 | Ossuary  | 7246 ||| FLEEEEING.
  7415 | Ossuary  | 7415 ||| READING scroll of enchant weapon.
  7415 | Ossuary  | 7415 ||| ENCHANTING +1 war axe.
  7418 | Ossuary  | 7418 ||| READING scroll of enchant weapon.
  7418 | Ossuary  | 7418 ||| ENCHANTING +2 war axe.
  7436 | Ossuary  | 7436 ||| READING scroll labelled ETOYQI ZEMIA.
  7437 | Ossuary  | 7437 ||| DRINKING 2 amethyst potions.
  7438 | Ossuary  | 7438 ||| DRINKING 3 fuming white potions.
  7439 | Ossuary  | 7439 ||| DROPPING potion of flight.
  7444 | D:7      | 7444 ||| PLANNING D:1-11
  7520 | D:7      | Found a stormy altar of Qazlal.
  7559 | D:7      | Found a burning altar of Makhleb.
  7559 | D:7      | Noticed Maggie
  7570 | D:7      | 7570 ||| INVOKING Heroism.
  7578 | D:7      | Killed Maggie
  7579 | D:7      | Reached skill level 9 in Axes
  7671 | D:7      | 7671 ||| DROPPING +0 flail.
  7768 | D:7      | Reached ** piety under Okawaru
  7769 | D:7      | Reached skill level 4 in Shields
  8177 | D:7      | Found a snail-covered altar of Cheibriados.
  8228 | D:7      | 8228 ||| READING scroll labelled SULIWNITSI.
  8257 | D:8      | 8257 ||| Stepping ~*~*~tactically~*~*~ (stealth).
  8258 | D:8      | 8258 ||| Stepping ~*~*~tactically~*~*~ (stealth).
  8259 | D:8      | 8259 ||| Stepping ~*~*~tactically~*~*~ (stealth).
  8260 | D:8      | 8260 ||| Stepping ~*~*~tactically~*~*~ (hiding).
  8261 | D:8      | 8261 ||| Stepping ~*~*~tactically~*~*~ (stealth).
  8262 | D:8      | 8262 ||| INVOKING Heroism.
  8311 | D:8      | 8311 ||| Stepping ~*~*~tactically~*~*~ (stealth).
  8320 | D:8      | Reached skill level 6 in Armour
  8320 | D:8      | 8320 ||| Stepping ~*~*~tactically~*~*~ (stealth).
  8329 | D:8      | 8329 ||| INVOKING Heroism.
  8335 | D:8      | Reached XP level 10. HP: 38/61 MP: 10/13
  8340 | D:8      | 8340 ||| Stepping ~*~*~tactically~*~*~ (stealth).
  8422 | D:8      | 8422 ||| INVOKING Heroism.
  8437 | D:8      | 8437 ||| INVOKING Heroism.
  8489 | D:8      | 8489 ||| Stepping ~*~*~tactically~*~*~ (stealth).
  8490 | D:8      | 8490 ||| INVOKING Heroism.
  8588 | D:8      | Found a staircase to the Lair.
  8623 | D:8      | 8623 ||| Stepping ~*~*~tactically~*~*~ (stealth).
  8625 | D:8      | 8625 ||| Stepping ~*~*~tactically~*~*~ (hiding).
  8726 | D:8      | 8726 ||| INVOKING Heroism.
  8764 | D:8      | Reached skill level 5 in Shields
  8770 | D:8      | 8770 ||| INVOKING Heroism.
  8978 | D:8      | 8978 ||| INVOKING Heroism.
  9152 | D:8      | 9152 ||| PLANNING LAIR
  9192 | Lair:1   | Entered Level 1 of the Lair of Beasts
  9196 | Lair:1   | 9196 ||| STAIRDANCE
  9198 | D:8      | 9198 ||| INVOKING Heroism.
  9334 | Lair:1   | 9334 ||| STAIRDANCE
  9341 | D:8      | 9341 ||| INVOKING Heroism.
  9442 | Lair:1   | Noticed a black mamba
  9443 | Lair:1   | 9443 ||| Stepping ~*~*~tactically~*~*~ (stealth).
  9445 | Lair:1   | 9445 ||| INVOKING Heroism.
  9455 | Lair:1   | Killed a black mamba
  9485 | Lair:1   | Noticed a cane toad
  9486 | Lair:1   | 9486 ||| INVOKING Heroism.
  9502 | Lair:1   | Killed a cane toad
  9503 | Lair:1   | Reached skill level 9 in Fighting
  9503 | Lair:1   | Reached XP level 11. HP: 66/71 MP: 12/14
  9586 | Lair:1   | Reached *** piety under Okawaru
  9643 | Lair:1   | 9643 ||| INVOKING Heroism.
  9682 | Lair:1   | 9682 ||| INVOKING Heroism.
  9712 | Lair:1   | 9712 ||| INVOKING Heroism.
  9732 | Lair:1   | 9732 ||| INVOKING Heroism.
  9755 | Lair:1   | 9755 ||| INVOKING Heroism.
  9882 | Lair:1   | 9882 ||| INVOKING Heroism.
  9902 | Lair:1   | 9902 ||| INVOKING Heroism.
 10133 | Lair:1   | 10133 ||| Stepping ~*~*~tactically~*~*~ (stealth).
 10178 | Lair:1   | 10178 ||| INVOKING Heroism.
 10187 | Lair:1   | Reached skill level 12 in Axes
 10245 | Lair:1   | Reached skill level 6 in Shields
 10293 | Lair:1   | 10293 ||| Stepping ~*~*~tactically~*~*~ (hiding).
 10467 | Lair:1   | 10467 ||| INVOKING Heroism.
 10536 | Lair:1   | 10536 ||| Stepping ~*~*~tactically~*~*~ (stealth).
 10549 | Lair:1   | Reached skill level 9 in Armour
 10562 | Lair:1   | 10562 ||| INVOKING Heroism.
 10983 | Lair:1   | 10983 ||| UPGRADING to amulet of regeneration.
 10988 | Lair:1   | 10988 ||| READING scroll labelled QOWOIZ ECZAU.
 11184 | Lair:2   | 11184 ||| UPGRADING to +0 pair of gloves of strength.
 11200 | Lair:2   | 11200 ||| UPGRADING to +0 pair of gloves of strength.
 11205 | Lair:2   | 11205 ||| DROPPING +1 pair of gloves.
 11211 | Lair:2   | 11211 ||| Stepping ~*~*~tactically~*~*~ (stealth).
 11214 | Lair:2   | Reached **** piety under Okawaru
 11281 | Lair:2   | 11281 ||| INVOKING Heroism.
 11286 | Lair:2   | Received a gift from Okawaru
 11287 | Lair:2   | Reached XP level 12. HP: 73/77 MP: 12/15
 11303 | Lair:2   | 11303 ||| Stepping ~*~*~tactically~*~*~ (stealth).
 11321 | Lair:2   | 11321 ||| Stepping ~*~*~tactically~*~*~ (stealth).
 11325 | Lair:2   | 11325 ||| Stepping ~*~*~tactically~*~*~ (stealth).
 11357 | Lair:2   | 11357 ||| Stepping ~*~*~tactically~*~*~ (hiding).
 11927 | Lair:3   | 11927 ||| Stepping ~*~*~tactically~*~*~ (stealth).
 11964 | Lair:3   | Noticed a boulder beetle
 11965 | Lair:3   | 11965 ||| INVOKING Heroism.
 11990 | Lair:3   | 11990 ||| INVOKING Heroism.
 11993 | Lair:3   | Killed a boulder beetle
 12013 | Lair:3   | Found a hole to the Spider Nest.
 12131 | Lair:3   | 12131 ||| INVOKING Heroism.
 12144 | Lair:3   | Reached skill level 6 in Invocations
 12149 | Lair:3   | 12149 ||| INVOKING Heroism.
 12223 | Lair:3   | 12223 ||| INVOKING Heroism.
 12267 | Lair:3   | 12267 ||| INVOKING Heroism.
 12387 | Lair:3   | Found a staircase to the Swamp.
 12515 | Lair:3   | Noticed a five-headed hydra
 12516 | Lair:3   | 12516 ||| INVOKING Heroism.
 12521 | Lair:3   | 12521 ||| SWAPPING to +2 morningstar of protection.
 12529 | Lair:3   | Killed a five-headed hydra
 12529 | Lair:3   | Received a gift from Okawaru
 12530 | Lair:3   | 12530 ||| SWAPPING to +3 vampiric war axe.
 12569 | Lair:3   | 12569 ||| Stepping ~*~*~tactically~*~*~ (stealth).
 12570 | Lair:3   | 12570 ||| Stepping ~*~*~tactically~*~*~ (stealth).
 12573 | Lair:3   | 12573 ||| Stepping ~*~*~tactically~*~*~ (stealth).
 12574 | Lair:3   | 12574 ||| Stepping ~*~*~tactically~*~*~ (stealth).
 12577 | Lair:3   | 12577 ||| Stepping ~*~*~tactically~*~*~ (stealth).
 12579 | Lair:3   | 12579 ||| Stepping ~*~*~tactically~*~*~ (stealth).
 12588 | Lair:3   | Reached ***** piety under Okawaru
 12603 | Lair:3   | 12603 ||| Stepping ~*~*~tactically~*~*~ (stealth).
 12604 | Lair:3   | 12604 ||| Stepping ~*~*~tactically~*~*~ (stealth).
 12605 | Lair:3   | 12605 ||| Stepping ~*~*~tactically~*~*~ (stealth).
 12606 | Lair:3   | 12606 ||| Stepping ~*~*~tactically~*~*~ (stealth).
 12608 | Lair:3   | 12608 ||| INVOKING Heroism.
 12617 | Lair:3   | Received a gift from Okawaru
 12860 | Lair:3   | 12860 ||| READING scroll labelled OQERHI OZOE.
 12926 | Lair:4   | Noticed a skyshark
 12941 | Lair:4   | Killed a skyshark
 12971 | Lair:4   | 12971 ||| Stepping ~*~*~tactically~*~*~ (stealth).
 12977 | Lair:4   | 12977 ||| Stepping ~*~*~tactically~*~*~ (stealth).
 12986 | Lair:4   | Found a staircase to the Slime Pits.
 12986 | Lair:4   | Found a viscous altar of Jiyva.
 12987 | Lair:4   | Noticed an eight-headed hydra
 12988 | Lair:4   | 12988 ||| INVOKING Heroism.
 12993 | Lair:4   | 12993 ||| SWAPPING to +2 morningstar of protection.
 13001 | Lair:4   | Killed an eight-headed hydra
 13002 | Lair:4   | Reached XP level 13. HP: 48/82 MP: 17/19
 13002 | Lair:4   | 13002 ||| SWAPPING to +3 vampiric war axe.
 13109 | Lair:4   | 13109 ||| INVOKING Heroism.
 13131 | Lair:4   | Reached skill level 9 in Invocations
 13390 | Lair:4   | 13390 ||| Stepping ~*~*~tactically~*~*~ (stealth).
 13581 | Lair:4   | 13581 ||| INVOKING Heroism.
 13891 | Lair:4   | 13891 ||| READING 4 scrolls of identify.
 13891 | Lair:4   | 13891 ||| IDENTIFYING golden potion
 13892 | Lair:4   | 13892 ||| DROPPING potion of berserk rage.
 13901 | Lair:5   | Entered Level 5 of the Lair of Beasts
 13901 | Lair:5   | Found the +0 pair of fencer's gloves {Riposte Dex+3}
 13922 | Lair:5   | 13922 ||| INVOKING Heroism.
 13993 | Lair:5   | 13993 ||| INVOKING Heroism.
 14034 | Lair:5   | Reached skill level 7 in Shields
 14036 | Lair:5   | Received a gift from Okawaru
 14045 | Lair:5   | 14045 ||| INVOKING Heroism.
 14064 | Lair:5   | 14064 ||| SWAPPING to +2 morningstar of protection.
 14070 | Lair:5   | 14070 ||| SWAPPING to +3 vampiric war axe.
 14071 | Lair:5   | 14071 ||| INVOKING Finesse.
 14079 | Lair:5   | 14079 ||| FLEEEEING.
 14080 | Lair:5   | 14080 ||| FLEEEEING.
 14091 | Lair:5   | HP: 17/84 [komodo dragon (16)]
 14092 | Lair:5   | 14092 ||| READING 6 scrolls of teleportation.
 14093 | Lair:5   | 14093 ||| DRINKING potion of heal wounds.
 14258 | Lair:5   | 14258 ||| INVOKING Heroism.
 14364 | Lair:5   | 14364 ||| Stepping ~*~*~tactically~*~*~ (hiding).
 14402 | Lair:5   | 14402 ||| INVOKING Heroism.
 14424 | Lair:5   | 14424 ||| Stepping ~*~*~tactically~*~*~ (stealth).
 14428 | Lair:5   | 14428 ||| Stepping ~*~*~tactically~*~*~ (stealth).
 14438 | Lair:5   | Reached skill level 3 in Throwing
 14442 | Lair:5   | 14442 ||| INVOKING Heroism.
 14466 | Lair:5   | 14466 ||| Stepping ~*~*~tactically~*~*~ (stealth).
 14546 | Lair:5   | 14546 ||| Stepping ~*~*~tactically~*~*~ (hiding).
 14548 | Lair:5   | 14548 ||| INVOKING Heroism.
 14584 | Lair:5   | 14584 ||| Stepping ~*~*~tactically~*~*~ (stealth).
 14585 | Lair:5   | 14585 ||| Stepping ~*~*~tactically~*~*~ (stealth).
 14596 | Lair:5   | Received a gift from Okawaru
 14603 | Lair:5   | 14603 ||| INVOKING Finesse.
 14610 | Lair:5   | Gained mutation: Your large and strong wings let you fly.
                  | [Gargoyle growth]
 14610 | Lair:5   | Reached XP level 14. HP: 87/90 MP: 15/21
 14621 | Lair:5   | Reached skill level 15 in Axes
 14657 | Lair:5   | 14657 ||| Stepping ~*~*~tactically~*~*~ (stealth).
 14659 | Lair:5   | 14659 ||| INVOKING Heroism.
 14660 | Lair:5   | 14660 ||| Stepping ~*~*~tactically~*~*~ (stealth).
 14679 | Lair:5   | 14679 ||| Stepping ~*~*~tactically~*~*~ (stealth).
 14693 | Lair:5   | Received a gift from Okawaru
 14727 | Lair:5   | 14727 ||| Stepping ~*~*~tactically~*~*~ (hiding).
 14731 | Lair:5   | 14731 ||| INVOKING Heroism.
 14813 | Lair:5   | 14813 ||| INVOKING Heroism.
 14941 | Lair:5   | 14941 ||| Stepping ~*~*~tactically~*~*~ (stealth).
 15208 | Lair:5   | 15208 ||| INVOKING Heroism.
 15213 | Lair:5   | 15213 ||| SWAPPING to +2 morningstar of protection.
 15217 | Lair:5   | 15217 ||| SWAPPING to +3 vampiric war axe.
 15241 | Lair:5   | Reached skill level 12 in Fighting
 15436 | Lair:5   | 15436 ||| PLANNING D:1-11
 15436 | Lair:5   | 15436 ||| UPGRADING to +0 pair of boots.
 15441 | Lair:5   | 15441 ||| READING scroll labelled VINAXU SYNWOH.
 15489 | Lair:2   | 15489 ||| Stepping ~*~*~tactically~*~*~ (stealth).
 15499 | Lair:2   | 15499 ||| INVOKING Heroism.
 15503 | Lair:2   | 15503 ||| SWAPPING to +2 morningstar of protection.
 15505 | Lair:2   | 15505 ||| SWAPPING to +3 vampiric war axe.
 15598 | D:9      | Found a hazy altar of Hepliaklqana.
 15694 | D:9      | 15694 ||| Stepping ~*~*~tactically~*~*~ (hiding).
 15711 | D:9      | 15711 ||| FLEEEEING.
 15712 | D:9      | 15712 ||| FLEEEEING.
 15713 | D:9      | 15713 ||| FLEEEEING.
 15717 | D:9      | 15717 ||| FLEEEEING.
 15718 | D:9      | 15718 ||| FLEEEEING.
 15719 | D:9      | 15719 ||| FLEEEEING.
 15720 | D:9      | 15720 ||| FLEEEEING.
 15721 | D:9      | 15721 ||| FLEEEEING.
 15722 | D:9      | 15722 ||| FLEEEEING.
 15734 | D:9      | 15734 ||| FLEEEEING.
 15735 | D:9      | 15735 ||| FLEEEEING.
 15735 | D:9      | Found a staircase to the Orcish Mines.
 15736 | D:9      | 15736 ||| FLEEEEING.
 15737 | D:9      | 15737 ||| FLEEEEING.
 15738 | D:9      | 15738 ||| FLEEEEING.
 15739 | D:9      | 15739 ||| FLEEEEING.
 15740 | D:9      | 15740 ||| STAIRDANCE
 15887 | D:9      | 15887 ||| INVOKING Heroism.
 15995 | D:9      | 15995 ||| Stepping ~*~*~tactically~*~*~ (hiding).
 16126 | D:9      | 16126 ||| Stepping ~*~*~tactically~*~*~ (hiding).
 16272 | D:9      | Identified the amulet "Voexte" {Reflect rCorr SH+5}
 16292 | D:9      | Found a shimmering altar of Xom.
 16814 | D:9      | 16814 ||| UPGRADING to amulet "Voexte" {Reflect rCorr
                  | SH+5}.
 16824 | D:9      | 16824 ||| DROPPING amulet of regeneration.
 16861 | D:10     | Entered Level 10 of the Dungeon
 16945 | D:10     | 16945 ||| Stepping ~*~*~tactically~*~*~ (hiding).
 16959 | D:10     | 16959 ||| Stepping ~*~*~tactically~*~*~ (stealth).
 17041 | D:10     | 17041 ||| FLEEEEING.
 17080 | D:10     | Reached skill level 6 in Throwing
 17105 | D:10     | Identified the +3 leather armour of Wrong Decisions {rC+
                  | rN+ Will+ Str+6}
 17181 | D:10     | 17181 ||| Stepping ~*~*~tactically~*~*~ (stealth).
 17382 | D:10     | Received a gift from Okawaru
 17671 | D:11     | 17671 ||| INVOKING Heroism.
 17729 | D:11     | 17729 ||| Stepping ~*~*~tactically~*~*~ (stealth).
 17730 | D:11     | 17730 ||| Stepping ~*~*~tactically~*~*~ (stealth).
 17771 | D:11     | 17771 ||| Stepping ~*~*~tactically~*~*~ (hiding).
 17779 | D:11     | 17779 ||| Stepping ~*~*~tactically~*~*~ (stealth).
 17783 | D:11     | 17783 ||| Stepping ~*~*~tactically~*~*~ (stealth).
 17800 | D:11     | 17800 ||| INVOKING Heroism.
 17821 | D:11     | 17821 ||| Stepping ~*~*~tactically~*~*~ (hiding).
 17836 | D:11     | HP: 22/92 [something (13)]
 17842 | D:11     | 17842 ||| INVOKING Heroism.
 17857 | D:11     | HP: 16/92 [cyclops (22)]
 17858 | D:11     | 17858 ||| READING 5 scrolls of teleportation.
 17859 | D:11     | 17859 ||| DRINKING potion of heal wounds.
 18053 | D:11     | 18053 ||| Stepping ~*~*~tactically~*~*~ (stealth).
 18084 | D:11     | Identified the +11 plate armour of Kikubaaqudgha's Hope
                  | {rN+ Regen+ Int-4}
 18167 | D:11     | 18167 ||| INVOKING Heroism.
 18227 | D:11     | 18227 ||| Stepping ~*~*~tactically~*~*~ (stealth).
 18231 | D:11     | 18231 ||| INVOKING Heroism.
 18364 | D:11     | 18364 ||| Stepping ~*~*~tactically~*~*~ (hiding).
 18372 | D:11     | 18372 ||| Stepping ~*~*~tactically~*~*~ (hiding).
 18375 | D:11     | 18375 ||| Stepping ~*~*~tactically~*~*~ (hiding).
 18391 | D:11     | 18391 ||| Stepping ~*~*~tactically~*~*~ (hiding).
 18393 | D:11     | 18393 ||| Stepping ~*~*~tactically~*~*~ (hiding).
 18480 | D:11     | 18480 ||| Invisibility monster not found???
 18665 | D:11     | 18665 ||| PLANNING D
 18665 | D:11     | 18665 ||| DROPPING +3 leather armour of Wrong Decisions
                  | {rC+ rN+ Will+ Str+6}.
 18666 | D:11     | 18666 ||| UPGRADING to +11 plate armour of Kikubaaqudgha's
                  | Hope {rN+ Regen+ Int-4}.
 18676 | D:11     | 18676 ||| DROPPING +0 plate armour.
 18677 | D:11     | 18677 ||| UPGRADING to +6 ring of dexterity.
 18678 | D:11     | 18678 ||| READING scroll labelled MAUDUN ENEULEA.
 18701 | D:12     | Noticed Maurice
 18702 | D:12     | 18702 ||| Stepping ~*~*~tactically~*~*~ (hiding).
 18717 | D:12     | Killed Maurice
 18727 | D:12     | Found Yputaum's Changing Room.
 18784 | D:12     | 18784 ||| Stepping ~*~*~tactically~*~*~ (hiding).
 18804 | D:12     | 18804 ||| INVOKING Heroism.
 18813 | D:12     | Reached skill level 3 in Dodging
 18859 | D:12     | 18859 ||| READING scroll of enchant armour.
 18859 | D:12     | 18859 ||| ENCHANTING +0 pair of gloves of strength.
 18914 | D:12     | 18914 ||| Stepping ~*~*~tactically~*~*~ (stealth).
 18935 | D:12     | 18935 ||| Stepping ~*~*~tactically~*~*~ (stealth).
 18978 | D:12     | Reached XP level 15. HP: 96/96 MP: 22/22
 19013 | D:12     | 19013 ||| INVOKING Heroism.
 19014 | D:12     | 19014 ||| INVOKING Finesse.
 19127 | D:12     | Found a runed translucent door.
 19128 | D:12     | Noticed Naggiasi's ghost (journeyman KoBr)
 19153 | D:12     | 19153 ||| Stepping ~*~*~tactically~*~*~ (hiding).
 19154 | D:12     | 19154 ||| Stepping ~*~*~tactically~*~*~ (hiding).
 19172 | D:12     | Reached skill level 8 in Shields
 19341 | D:12     | 19341 ||| BUYING 2 potions of lignification (102 gold).
 19341 | D:12     | Bought 2 potions of lignification for 102 gold pieces
 19341 | D:12     | 19341 ||| BUYING potion of lignification (51 gold).
 19341 | D:12     | Bought a potion of lignification for 51 gold pieces
 19341 | D:12     | 19341 ||| BUYING potion of mutation (136 gold).
 19341 | D:12     | Bought a potion of mutation for 136 gold pieces
 19575 | D:12     | 19575 ||| UPGRADING to +0 cloak.
 19580 | D:12     | 19580 ||| UPGRADING to +0 kite shield.
 19590 | D:12     | 19590 ||| DROPPING +0 buckler.
 19636 | D:13     | 19636 ||| Stepping ~*~*~tactically~*~*~ (hiding).
 19663 | D:13     | 19663 ||| Stepping ~*~*~tactically~*~*~ (stealth).
 19664 | D:13     | 19664 ||| Stepping ~*~*~tactically~*~*~ (stealth).
 19665 | D:13     | 19665 ||| Stepping ~*~*~tactically~*~*~ (stealth).
 19768 | D:13     | Reached skill level 9 in Shields
 19808 | D:13     | Received a gift from Okawaru
 19873 | D:13     | 19873 ||| Stepping ~*~*~tactically~*~*~ (hiding).
 19874 | D:13     | 19874 ||| Stepping ~*~*~tactically~*~*~ (hiding).
 19875 | D:13     | 19875 ||| Stepping ~*~*~tactically~*~*~ (hiding).
 20128 | D:13     | 20128 ||| INVOKING Heroism.
 20153 | D:13     | Reached skill level 10 in Shields
 20158 | D:13     | 20158 ||| INVOKING Heroism.
 20186 | D:13     | 20186 ||| INVOKING Heroism.
 20339 | D:13     | 20339 ||| INVOKING Heroism.
 20808 | D:13     | 20808 ||| Stepping ~*~*~tactically~*~*~ (hiding).
 20920 | D:14     | 20920 ||| Stepping ~*~*~tactically~*~*~ (hiding).
 20921 | D:14     | 20921 ||| Stepping ~*~*~tactically~*~*~ (hiding).
 20922 | D:14     | 20922 ||| Stepping ~*~*~tactically~*~*~ (hiding).
 20937 | D:14     | 20937 ||| Stepping ~*~*~tactically~*~*~ (hiding).
 20938 | D:14     | 20938 ||| Stepping ~*~*~tactically~*~*~ (hiding).
 20946 | D:14     | 20946 ||| Stepping ~*~*~tactically~*~*~ (hiding).
 20948 | D:14     | 20948 ||| Stepping ~*~*~tactically~*~*~ (hiding).
 20951 | D:14     | 20951 ||| Stepping ~*~*~tactically~*~*~ (hiding).
 20954 | D:14     | 20954 ||| Stepping ~*~*~tactically~*~*~ (hiding).
 20955 | D:14     | 20955 ||| Stepping ~*~*~tactically~*~*~ (hiding).
 20966 | D:14     | Received a gift from Okawaru
 20967 | D:14     | Reached skill level 11 in Shields
 21029 | D:14     | 21029 ||| INVOKING Heroism.
 21096 | D:14     | 21096 ||| FLEEEEING.
 21097 | D:14     | 21097 ||| FLEEEEING.
 21098 | D:14     | 21098 ||| STAIRDANCE
 21119 | D:14     | 21119 ||| STAIRDANCE
 21152 | D:14     | 21152 ||| Stepping ~*~*~tactically~*~*~ (stealth).
 21155 | D:14     | 21155 ||| Stepping ~*~*~tactically~*~*~ (stealth).
 21162 | D:14     | 21162 ||| INVOKING Heroism.
 21163 | D:14     | Received a gift from Okawaru
 21213 | D:14     | Found an opulent altar of Gozag.
 21217 | D:14     | 21217 ||| Stepping ~*~*~tactically~*~*~ (hiding).
 21220 | D:14     | 21220 ||| Stepping ~*~*~tactically~*~*~ (hiding).
 21248 | D:14     | 21248 ||| INVOKING Heroism.
 21260 | D:14     | Reached skill level 12 in Shields
 21260 | D:14     | 21260 ||| SWAPPING to +2 morningstar of protection.
 21261 | D:14     | 21261 ||| INVOKING Finesse.
 21269 | D:14     | 21269 ||| SWAPPING to +3 vampiric war axe.
 21457 | D:14     | 21457 ||| INVOKING Heroism.
 21483 | D:14     | Received a gift from Okawaru
 21717 | D:14     | 21717 ||| UPGRADING to +0 tower shield.
 21737 | D:14     | 21737 ||| UPGRADING to +0 tower shield.
 21747 | D:14     | 21747 ||| DROPPING +0 kite shield.
 21757 | D:14     | Found a gate to the Vaults.
 21845 | D:15     | Entered Level 15 of the Dungeon
 21848 | D:15     | 21848 ||| STAIRDANCE
 21880 | D:15     | 21880 ||| INVOKING Heroism.
 21898 | D:15     | 21898 ||| Stepping ~*~*~tactically~*~*~ (stealth).
 21905 | D:15     | 21905 ||| Stepping ~*~*~tactically~*~*~ (stealth).
 21906 | D:15     | 21906 ||| Stepping ~*~*~tactically~*~*~ (stealth).
 21907 | D:15     | 21907 ||| Stepping ~*~*~tactically~*~*~ (stealth).
 21946 | D:15     | Reached skill level 13 in Shields
 21958 | D:15     | Received a gift from Okawaru
 21960 | D:15     | Paralysed by something for 4 turns
 21982 | D:15     | 21982 ||| INVOKING Heroism.
 21989 | D:15     | Paralysed by something for 2 turns
 22017 | D:15     | Found a staircase to the Depths.
 22040 | D:15     | 22040 ||| INVOKING Heroism.
 22051 | D:15     | Reached XP level 16. HP: 87/101 MP: 21/23
 22143 | D:15     | 22143 ||| Stepping ~*~*~tactically~*~*~ (hiding).
 22469 | D:15     | 22469 ||| PLANNING ORC
 22586 | Orc:1    | Entered Level 1 of the Orcish Mines
 22590 | Orc:1    | 22590 ||| INVOKING Heroism.
 22619 | Orc:1    | Reached skill level 14 in Shields
 22621 | Orc:1    | 22621 ||| INVOKING Finesse.
 22633 | Orc:1    | 22633 ||| INVOKING Heroism.
 22677 | Orc:1    | 22677 ||| Stepping ~*~*~tactically~*~*~ (stealth).
 22678 | Orc:1    | 22678 ||| Stepping ~*~*~tactically~*~*~ (stealth).
 22742 | Orc:1    | 22742 ||| Stepping ~*~*~tactically~*~*~ (hiding).
 22743 | Orc:1    | 22743 ||| Stepping ~*~*~tactically~*~*~ (hiding).
 22749 | Orc:1    | 22749 ||| Stepping ~*~*~tactically~*~*~ (hiding).
 22750 | Orc:1    | 22750 ||| Stepping ~*~*~tactically~*~*~ (hiding).
 22751 | Orc:1    | 22751 ||| INVOKING Heroism.
 22824 | Orc:1    | 22824 ||| Stepping ~*~*~tactically~*~*~ (stealth).
 22825 | Orc:1    | 22825 ||| Stepping ~*~*~tactically~*~*~ (stealth).
 22827 | Orc:1    | 22827 ||| Stepping ~*~*~tactically~*~*~ (hiding).
 22830 | Orc:1    | 22830 ||| Stepping ~*~*~tactically~*~*~ (hiding).
 22839 | Orc:1    | 22839 ||| Stepping ~*~*~tactically~*~*~ (stealth).
 22840 | Orc:1    | 22840 ||| Stepping ~*~*~tactically~*~*~ (stealth).
 22852 | Orc:1    | 22852 ||| Stepping ~*~*~tactically~*~*~ (stealth).
 22868 | Orc:1    | 22868 ||| Stepping ~*~*~tactically~*~*~ (stealth).
 22870 | Orc:1    | 22870 ||| Stepping ~*~*~tactically~*~*~ (hiding).
 22871 | Orc:1    | 22871 ||| Stepping ~*~*~tactically~*~*~ (hiding).
 23198 | Orc:2    | Entered Level 2 of the Orcish Mines
 23198 | Orc:2    | Found Ydghet's Antique Armour Shop.
 23199 | Orc:2    | 23199 ||| PLANNING GAUNTLET
 23199 | Orc:2    | 23199 ||| INVOKING Heroism.
 23200 | Orc:2    | 23200 ||| INVOKING Finesse.
 23227 | Orc:2    | 23227 ||| STAIRDANCE
 23259 | Orc:2    | 23259 ||| INVOKING Heroism.
 23263 | Orc:2    | Reached skill level 15 in Shields
 23265 | Orc:2    | 23265 ||| STAIRDANCE
 23280 | Orc:2    | 23280 ||| INVOKING Heroism.
 23337 | Orc:2    | Found a staircase to the Elven Halls.
 23365 | Orc:2    | 23365 ||| INVOKING Heroism.
 23366 | Orc:2    | Found Ketzow's General Store.
 23375 | Orc:2    | Received a gift from Okawaru
 23385 | Orc:2    | 23385 ||| INVOKING Heroism.
 23443 | Orc:2    | Paralysed by an orc sorcerer for 4 turns
 23454 | Orc:2    | 23454 ||| INVOKING Heroism.
 23475 | Orc:2    | Found Hirim's Antique Weapon Emporium.
 23624 | Orc:2    | 23624 ||| BUYING potion of mutation (104 gold).
 23624 | Orc:2    | Bought a potion of mutation for 104 gold pieces
 23624 | Orc:2    | 23624 ||| BUYING scroll of teleportation (39 gold).
 23624 | Orc:2    | Bought a scroll of teleportation for 39 gold pieces
 23628 | Orc:2    | Found a gate leading to a gauntlet.
 23634 | Gauntlet | Entered a Gauntlet
 23634 | Gauntlet | Found a transporter.
 23634 | Gauntlet | Found a transporter.
 23640 | Gauntlet | Found a transporter.
 23655 | Gauntlet | Found a transporter.
 23673 | Gauntlet | Found a transporter.
 23673 | Gauntlet | Found a transporter.
 23673 | Gauntlet | Found a transporter.
 23675 | Gauntlet | Found a transporter.
 23675 | Gauntlet | Found a transporter.
 23699 | Gauntlet | Found a transporter.
 23706 | Gauntlet | Found a transporter.
 23716 | Gauntlet | Found a transporter.
 23731 | Gauntlet | Found a transporter.
 23751 | Gauntlet | Found a transporter.
 23799 | Gauntlet | 23799 ||| INVOKING Heroism.
 23915 | Gauntlet | 23915 ||| DROPPING scarf of invisibility.
 23946 | Gauntlet | Reached skill level 16 in Shields
 23976 | Gauntlet | Identified the amulet "Zestre" {Spirit Will++ Regen+}
 23990 | Gauntlet | 23990 ||| Stepping ~*~*~tactically~*~*~ (hiding).
 23993 | Gauntlet | 23993 ||| INVOKING Heroism.
 24062 | Orc:2    | 24062 ||| PLANNING ORC
 24145 | Orc:1    | 24145 ||| Stepping ~*~*~tactically~*~*~ (hiding).
 24274 | Orc:1    | Found Homm's Magic Scroll Emporium.
 24285 | Orc:1    | 24285 ||| BUYING scroll of enchant weapon (105 gold).
 24285 | Orc:1    | Bought a scroll of enchant weapon for 105 gold pieces
 24285 | Orc:1    | 24285 ||| BUYING scroll of enchant weapon (105 gold).
 24285 | Orc:1    | Bought a scroll of enchant weapon for 105 gold pieces
 24285 | Orc:1    | 24285 ||| BUYING scroll of enchant weapon (105 gold).
 24285 | Orc:1    | Bought a scroll of enchant weapon for 105 gold pieces
 24285 | Orc:1    | 24285 ||| BUYING scroll of teleportation (42 gold).
 24285 | Orc:1    | Bought a scroll of teleportation for 42 gold pieces
 24285 | Orc:1    | 24285 ||| BUYING scroll of teleportation (42 gold).
 24285 | Orc:1    | Bought a scroll of teleportation for 42 gold pieces
 24285 | Orc:1    | 24285 ||| READING 3 scrolls of enchant weapon.
 24285 | Orc:1    | 24285 ||| ENCHANTING +3 vampiric war axe.
 24286 | Orc:1    | 24286 ||| READING 2 scrolls of enchant weapon.
 24286 | Orc:1    | 24286 ||| ENCHANTING +4 vampiric war axe.
 24287 | Orc:1    | 24287 ||| READING scroll of enchant weapon.
 24287 | Orc:1    | 24287 ||| ENCHANTING +5 vampiric war axe.
 24325 | Orc:1    | 24325 ||| Stepping ~*~*~tactically~*~*~ (hiding).
 24327 | Orc:1    | 24327 ||| Stepping ~*~*~tactically~*~*~ (hiding).
 24342 | Orc:1    | 24342 ||| Stepping ~*~*~tactically~*~*~ (stealth).
 24345 | Orc:1    | 24345 ||| INVOKING Heroism.
 24356 | Orc:1    | Received a gift from Okawaru
 24620 | Orc:2    | 24620 ||| Stepping ~*~*~tactically~*~*~ (hiding).
 24622 | Orc:2    | 24622 ||| INVOKING Heroism.
 24636 | Orc:2    | Noticed Snorg
 24637 | Orc:2    | 24637 ||| Stepping ~*~*~tactically~*~*~ (stealth).
 24646 | Orc:2    | Killed Snorg
 24647 | Orc:2    | Reached skill level 12 in Armour
 24649 | Orc:2    | Found Naaqaiso's Book Boutique.
 24694 | Orc:2    | Found Ovopror's Weapon Boutique.
 24854 | Orc:2    | 24854 ||| PLANNING SPIDER:1-3
 24989 | Spider:1 | Entered Level 1 of the Spider Nest
 24990 | Spider:1 | 24990 ||| INVOKING Heroism.
 25051 | Spider:1 | 25051 ||| INVOKING Heroism.
 25068 | Spider:1 | Reached skill level 17 in Shields
 25177 | Spider:1 | 25177 ||| Stepping ~*~*~tactically~*~*~ (stealth).
 25179 | Spider:1 | 25179 ||| Stepping ~*~*~tactically~*~*~ (stealth).
 25280 | Spider:1 | 25280 ||| INVOKING Finesse.
 25286 | Spider:1 | 25286 ||| INVOKING Heroism.
 25384 | Spider:1 | 25384 ||| INVOKING Heroism.
 25481 | Spider:1 | 25481 ||| Stepping ~*~*~tactically~*~*~ (stealth).
 25500 | Spider:1 | 25500 ||| Stepping ~*~*~tactically~*~*~ (stealth).
 25696 | Spider:1 | HP: 23/103 [something (11)]
 25697 | Spider:1 | 25697 ||| READING 9 scrolls of teleportation.
 25697 | Spider:1 | HP: 5/103 [something (9)]
 25697 | Spider:1 | Demolished by a torpor snail

Levels and vault maps discovered:
D:1:      lordsloth_arrival_two_stooges, layout_loops_ring
D:2:      layout_basic, ebering_ecumenical_altar_mist, feat_on_display
D:3:      layout_basic, minmay_joined_circles
D:4:      layout_basic, trog_ov_bears_minmay,
          mainiacjoe_overflow_surrounded_room, minmay_tree_intersection,
          minivault_23, kennysheep_windowed_goal, uniq_duvessa, uniq_eustachio,
          uniq_robin
D:5:      layout_cave_pods, okawaru_gym_becter
D:6:      layout_loops_corners, minmay_temple_entry_ruins
D:7:      layout_gridville, chei_slow_surprise,
          mainiacjoe_overflow_catch_the_wave,
          nicolae_ossuary_entry_false_entrances, uniq_maggie
D:8:      layout_loops_ring, minmay_lair_entry_grove
D:9:      layout_long_grid, amcnicky_altar_gilded, mainiacjoe_overflow_alcove_2,
          minmay_orc_entry_temple_small, onia_ninara_dug_in_and_dangerous
D:10:     layout_basic
D:11:     minmay_the_grid_plus [minmay_the_grid_large_cup, minmay_the_grid_x,
          minmay_the_grid_mess, minmay_the_grid_expand,
          minmay_the_grid_prize_four_corners], layout_rooms,
          portal_ice_cave_entry_imps
D:12:     minmay_spotlight, layout_cave_pools, ebering_ghost_inner_flame,
          nicolae_transmutations_shop, introduction_to_nature_2, uniq_maurice
D:13:     layout_grid_maze, disabler_island
D:14:     layout_basic, david_vaults_4,
          nicolae_gozag_cash_rules_everything_around_me,
          nicolae_looking_at_the_future
D:15:     gammafunk_depths_entry_grave, layout_rooms
Lair:1:   layout_roguey, grunt_forest_small_clearings, serial_bayou_shore_a
Lair:2:   layout_gridlike
Lair:3:   layout_gridlike, swamp_mist_pool, spider_nest_entry_a,
          lemuel_fruit_tree
Lair:4:   layout_small_grid, minmay_slime_entry_pillars, nicolae_lair_lil_pond,
          grunt_megastairs_2
Lair:5:   evilmike_catoblepas_cave, layout_small_grid, serial_bayou_shore_b
Spider:1: layout_spider_delve, nicolae_spider_not_touching_you
Orc:1:    layout_diamond_mine, serial_shops, nicolae_shop_tiny_statue_garden,
          minmay_orc_temple_c
Orc:2:    grunt_orc_gardens, layout_diamond_mine, grunt_orc_garden,
          grunt_orc_garden, grunt_orc_garden, grunt_orc_garden,
          gauntlet_entry_generic, serial_shops, shop, uniq_snorg

Skill      XL: |  1  2  3  4  5  6  7  8  9 10 11 12 13 14 15 16 |
---------------+-------------------------------------------------+-----
Axes           | 2 3 4 5 6 7 8 9 11 12 14 15 16 | 16.0
Throwing       | 1 2 4 6 7 |  7.0
Fighting       | 4 5 6 9 10 11 12 | 12.5
Dodging        | 2 4 |  4.0
Armour         | 5 6 7 9 10 11 12 | 12.0
Invocations    | 4 8 10 | 10.0
Shields        | 4 5 6 7 13 17 | 17.0

Action                     |  1- 3 |  4- 6 |  7- 9 | 10-12 | 13-15 | 16-18 || total
---------------------------+-------+-------+-------+-------+-------+-------++-------
  Melee: War axe           |   114 |    80 |   359 |   612 |  1226 |   538 ||  2929
         Morningstar       |       |       |       |    16 |    16 |       ||    32
  Throw: Javelin           |       |    21 |    82 |     3 |   110 |    93 ||   309
         Boomerang         |       |       |    52 |     1 |    74 |    29 ||   156
 Invoke: Heroism           |       |       |     6 |    30 |    33 |    17 ||    86
         Finesse           |       |       |       |       |     4 |     3 ||     7
    Use: Scroll            |     6 |     5 |    10 |     2 |     6 |     4 ||    33
         Potion            |       |     4 |     7 |       |     2 |       ||    13
 Armour: Scale mail        |    51 |       |       |       |       |       ||    51
         Chain mail        |    18 |    58 |    88 |       |       |       ||   164
         Plate armour      |       |       |   109 |   395 |   629 |   231 ||  1364
  Dodge: Dodged            |    45 |    32 |   104 |   225 |   292 |    92 ||   790
  Block: Buckler           |    19 |    14 |    61 |   151 |   208 |       ||   453
         Reflection        |       |       |       |       |    26 |    13 ||    39
         Kite shield       |       |       |       |       |   244 |       ||   244
         Tower shield      |       |       |       |       |   118 |   609 ||   727

Table legend:
 A = Non-vault XP
 B = Vault XP
 C = Vault XP percentage of total XP
 D = Non-vault monster count
 E = Vault monster count
 F = Vault count percentage of total count
                 A         B        C        D         E       F
            +---------+---------+-------+---------+---------+-------
      Total |  125616 |   55264 |  30.6 |     566 |     277 |  32.9
            +---------+---------+-------+---------+---------+-------
        D:1 |      41 |       0 |   0.0 |      25 |       0 |   0.0
        D:2 |      62 |       0 |   0.0 |      17 |       0 |   0.0
        D:3 |     196 |      58 |  22.8 |      15 |       6 |  28.6
        D:4 |     174 |     686 |  79.8 |      20 |      15 |  42.9
        D:5 |     791 |       0 |   0.0 |      22 |       0 |   0.0
        D:6 |     486 |       0 |   0.0 |      18 |       0 |   0.0
        D:7 |     687 |     389 |  36.2 |      12 |       1 |   7.7
        D:8 |    2679 |    2196 |  45.0 |      29 |      12 |  29.3
        D:9 |    2043 |     498 |  19.6 |      24 |      12 |  33.3
       D:10 |    3617 |       0 |   0.0 |      22 |       0 |   0.0
       D:11 |    3987 |    5190 |  56.6 |      16 |      26 |  61.9
       D:12 |    6660 |    2674 |  28.6 |      15 |      21 |  58.3
       D:13 |   13081 |     351 |   2.6 |      30 |       4 |  11.8
       D:14 |   12145 |    3312 |  21.4 |      23 |      17 |  42.5
       D:15 |    9693 |    4722 |  32.8 |      15 |       8 |  34.8
     Lair:1 |    7843 |       0 |   0.0 |      35 |       0 |   0.0
     Lair:2 |    4492 |       0 |   0.0 |      25 |       0 |   0.0
     Lair:3 |    9939 |     401 |   3.9 |      41 |       2 |   4.7
     Lair:4 |    4238 |     945 |  18.2 |      17 |       5 |  22.7
     Lair:5 |   17081 |   11636 |  40.5 |      46 |      23 |  33.3
   Spider:1 |   16823 |       0 |   0.0 |      44 |       0 |   0.0
      Orc:1 |    3637 |    7152 |  66.3 |      32 |      34 |  51.5
      Orc:2 |    5221 |   10300 |  66.4 |      23 |      26 |  53.1
    Ossuary |       0 |     281 | 100.0 |       0 |      54 | 100.0
   Gauntlet |       0 |    4473 | 100.0 |       0 |      11 | 100.0
            +---------+---------+-------+---------+---------+-------
